Map: Newkirk Precinct TE (Void)

Players

Cham - Winner!

  • Race: Zerg Zerg
  • Spawn Location: 5:00

TYTY (TY)

  • Race: Terran Terran
  • League: Diamond
  • Spawn Location: 7:00

Event: WESG 2016 Finals

VOD

Have the link to the VOD?

Description

Time

  • Played on: Jan. 13, 2017, 6:32 p.m.
  • Length: 12:44

All games in this series

Show
View Real Time Build Order
Export as new Build Order

Cham Zerg - Winner!

Build Orders: Hatch First 

Get SALT Encoding   

  12  0:00  Drone  
  13  0:08  Drone  
  14  0:17  Overlord  
  14  0:36  Drone x3  
  17  0:53  Hatchery  
  17  0:55  Drone  
  17  0:58  Drone  
  18  1:09  Extractor  
  17  1:13  Spawning Pool  
  17  1:17  Drone  
  17  1:20  Drone  
  18  1:33  Drone  
  19  1:43  Overlord  
  19  2:00  Queen  
  19  2:01  Zergling x2  
  22  2:02  Zergling x2  
  22  2:04  Queen  
  22  2:05  Zergling x2  
  26  2:09  Metabolic Boost  
  26  2:14  Drone  
  27  2:17  Drone  
  28  2:23  Overlord  
  28  2:34  Overlord  
  28  2:41  Queen, Zergling x4  
  32  2:45  Zergling x2  
  32  2:49  Overlord  
  33  2:56  Zergling x2  
  34  2:59  Zergling x2  
  35  3:06  Overlord  
  35  3:10  Zergling x8  
  39  3:15  Zergling x4  
  39  3:18  Drone  
  42  3:20  Drone  
  43  3:27  Drone  
  43  3:33  Drone  
  45  3:38  Drone  
  45  3:43  Drone  
  45  3:46  Overlord  
  45  3:48  Drone  
  45  3:49  Drone x2  
  48  3:59  Overlord  
  48  4:03  Drone  
  48  4:09  Drone  
  46  4:12  Drone  
  46  4:15  Drone  
  46  4:17  Drone x2  
  47  4:19  Drone  
  47  4:20  Drone x3  
  51  4:26  Drone  
  52  4:31  Hatchery  
  52  4:35  Overlord  
  52  4:37  Drone  
  52  4:40  Evolution Chamber  
  52  4:41  Queen  
  52  4:43  Queen, Evolution Chamber  
  54  4:53  Drone  
  54  4:54  Drone x6  
  54  4:58  Overlord  
  61  5:07  Zerg Ground Armor Level 1  
  61  5:11  Zerg Melee Weapons Level 1  
  61  5:13  Zergling x8  
  65  5:15  Zergling x2  
  65  5:20  Zergling x2  
  67  5:24  Zergling x2  
  67  5:27  Queen x2  
  71  5:30  Zergling x4  
  70  5:38  Zergling x6  
  70  5:40  Zergling x4  
  72  5:51  Drone x3  
  72  5:55  Drone x4  
  77  5:57  Lair  
  77  6:02  Zergling x4  
  80  6:04  Zergling x4  
  80  6:09  Extractor  
  79  6:12  Spore Crawler  
  79  6:18  Drone x3  
  75  6:33  Drone x3  
  75  6:39  Drone  
  80  6:40  Drone x3  
  80  6:42  Drone x2  
  80  6:43  Queen x2, Extractor  
  80  6:44  Extractor  
  80  6:46  Hatchery  
  81  7:00  Drone x2  
  81  7:01  Drone  
  79  7:02  Overlord  
  79  7:07  Queen  
  81  7:08  Zergling x2  
  81  7:09  Zergling x6  
  81  7:11  Drone  
  81  7:12  Drone x3  
  89  7:16  Baneling Nest  
  88  7:28  Drone x2  
  88  7:29  Drone, Spore Crawler  
  84  7:37  Drone x3  
  84  7:38  Drone  
  84  7:39  Hatchery  
  84  7:40  Zergling x4  
  84  7:41  Zergling x4  
  84  7:43  Queen x2  
  86  7:54  Queen, Zergling x6  
  86  7:55  Overlord  
  86  7:57  Zergling x6  
  87  7:59  Spore Crawler  
  87  8:00  Zergling x6  
  87  8:03  Queen  
  91  8:07  Drone x2  
  91  8:08  Drone x3  
  91  8:09  Zergling x2  
  92  8:16  Zerg Ground Armor Level 2, Zerg Melee Weapons Level 2  
  90  8:23  Zergling x6  
  90  8:26  Zergling x4  
  92  8:27  Zergling x2  
  89  8:34  Zergling x2  
  89  8:35  Zergling x2  
  89  8:37  Zergling x2  
  89  8:39  Zergling x6  
  89  8:40  Zergling x2  
  89  8:41  Zergling x4  
  94  8:46  Zergling x6  
  94  8:49  Overseer  
  94  8:50  Zergling x2  
  94  8:51  Zergling x2  
  94  8:53  Zergling x2  
  94  8:55  Zergling x2  
  98  8:58  Overlord  
  98  8:59  Queen x2  
  98  9:00  Zergling x2  
  98  9:01  Zergling x4  
  104  9:03  Drone  
  104  9:04  Drone  
  104  9:09  Centrifical Hooks  
  106  9:11  Zergling x6  
  106  9:12  Zergling x2  
  106  9:14  Zergling x2  
  106  9:15  Zergling x4  
  113  9:18  Drone  
  113  9:19  Queen  
  112  9:33  Zergling x2  
  112  9:34  Zergling x20  
  122  9:43  Zergling x8  
  126  9:47  Baneling x4  
  126  9:48  Baneling  
  126  9:49  Overlord  
  126  9:52  Overlord  
  126  9:55  Baneling x2  
  126  9:57  Overlord x3  
  126  9:59  Baneling x3  
  126  10:02  Overlord  
  126  10:03  Overlord  
  126  10:06  Overlord x2  
  126  10:08  Zergling x2  
  126  10:10  Zergling x4  
  126  10:12  Zergling x2  
  131  10:14  Zergling x4  
  131  10:16  Drone x2  
  131  10:17  Drone  
  131  10:32  Zergling x4  
  131  10:33  Zergling x2  
  128  10:35  Zergling x2  
  128  10:36  Zergling x12  
  128  10:37  Zergling x2  
  128  10:38  Zergling x10  
  128  10:39  Baneling x5  
  128  10:40  Baneling x6  
  128  10:42  Zergling x4  
  140  10:45  Drone  
  140  10:46  Baneling  
  140  10:47  Baneling, Infestation Pit  
  139  10:50  Overseer  
  139  10:53  Zergling x2  
  139  10:55  Drone x3  
  143  10:57  Queen, Extractor  
  143  10:59  Zergling x8  
  143  11:00  Zergling x2  
  143  11:02  Baneling x2  
  143  11:03  Overseer  
  138  11:14  Zergling x4  
  125  11:19  Zergling x20  
  125  11:20  Zergling x4  
  132  11:27  Zergling x14  
  132  11:30  Hive  
  138  11:35  Extractor  
  138  11:36  Spore Crawler, Zergling x10  
  140  11:44  Overlord  
  140  11:45  Baneling  
  140  11:46  Baneling x14  
  140  11:54  Zergling x14  
  138  11:57  Baneling x3  
  138  12:00  Zergling x2  
  143  12:02  Baneling x4  
  143  12:03  Baneling  
  143  12:04  Baneling x3  
  143  12:05  Zergling x4  
  123  12:19  Drone  
  123  12:23  Zergling x8  
  123  12:24  Extractor, Zergling x18  
  131  12:37  Extractor  
Show
View Real Time Build Order
Export as new Build Order

TYTY Terran 

Build Orders: MMM Bio 

Get SALT Encoding   

  12  0:00  SCV  
  13  0:12  SCV  
  14  0:17  Supply Depot  
  14  0:25  SCV  
  15  0:39  SCV  
  15  0:40  Barracks  
  16  0:44  Refinery  
  16  0:51  SCV  
  17  1:03  SCV  
  18  1:15  SCV  
  19  1:26  Marine  
  19  1:27  Orbital Command  
  20  1:41  Command Center  
  20  1:45  Marine  
  21  1:53  SCV  
  22  1:59  Barracks  
  22  2:03  Barracks Reactor  
  22  2:09  Supply Depot  
  22  2:11  SCV  
  23  2:20  Factory  
  23  2:31  SCV  
  23  2:36  Refinery  
  24  2:39  Marine x2  
  24  2:43  SCV  
  27  2:47  Barracks Tech Lab  
  27  2:55  SCV, Orbital Command  
  27  2:57  Marine x2  
  29  3:06  Marine  
  29  3:07  Stimpack  
  30  3:16  Starport  
  30  3:18  SCV  
  31  3:21  Marine  
  31  3:25  Marine  
  33  3:27  Marine  
  34  3:34  SCV x2  
  35  3:42  Marine  
  35  3:43  Marine  
  35  3:46  SCV  
  37  3:50  Marine  
  37  3:51  SCV  
  37  3:52  Factory Reactor  
  38  3:58  Starport Reactor  
  38  4:00  Marine, SCV  
  40  4:03  SCV  
  40  4:08  Marine x2  
  41  4:10  Orbital Command  
  41  4:14  SCV  
  32  4:20  Marine  
  31  4:26  Marine  
  31  4:28  Marine  
  31  4:29  Widow Mine x2  
  37  4:34  Medivac x2  
  37  4:37  Supply Depot  
  37  4:38  Marine  
  42  4:42  SCV  
  42  4:44  Marine  
  44  4:51  Marine  
  45  4:56  Marine  
  45  4:58  Orbital Command, Widow Mine x2  
  45  4:59  Supply Depot  
  50  5:04  Marine  
  51  5:07  Medivac, Combat Shields  
  51  5:10  Marine  
  54  5:20  Marine, SCV, Supply Depot  
  56  5:26  SCV  
  57  5:30  Marine x2  
  57  5:32  SCV  
  60  5:40  SCV  
  60  5:41  Medivac  
  61  5:44  Marine, SCV  
  61  5:46  Widow Mine  
  61  5:48  Marine  
  66  5:55  Supply Depot  
  66  5:56  Marine  
  67  5:58  SCV  
  67  6:01  Marine  
  69  6:09  Marine  
  70  6:12  Engineering Bay  
  70  6:14  Marine  
  70  6:17  Widow Mine x2  
  73  6:19  Marine  
  74  6:29  Marine  
  74  6:31  SCV x2  
  74  6:32  Marine  
  78  6:43  Medivac  
  78  6:45  Medivac  
  78  6:48  Supply Depot x2  
  78  6:49  Terran Infantry Weapons Level 1  
  78  6:50  SCV x2  
  78  6:56  Marine  
  78  7:09  Marine, Widow Mine x2  
  83  7:16  Marine x2  
  83  7:17  Command Center  
  83  7:18  Medivac  
  87  7:24  SCV x2  
  87  7:29  Marine  
  87  7:34  Marine  
  87  7:36  Marine  
  89  7:38  Engineering Bay  
  89  7:41  Widow Mine x2  
  89  7:42  SCV  
  94  7:46  Supply Depot  
  94  7:50  Marine, SCV  
  84  7:52  Medivac x2  
  84  7:55  Marine x2  
  90  8:00  SCV  
  90  8:02  SCV  
  90  8:07  Marine  
  90  8:08  Terran Infantry Armor Level 1  
  90  8:11  Refinery  
  89  8:13  Marine  
  89  8:14  Marine  
  89  8:15  SCV x2  
  90  8:25  Marine  
  91  8:30  Marine  
  91  8:36  Marine  
  91  8:37  SCV  
  91  8:38  SCV, Orbital Command  
  91  8:43  Marine  
  91  8:44  Widow Mine x2  
  91  8:45  Barracks  
  91  8:47  Barracks x2  
  89  8:49  Medivac x2  
  90  8:56  SCV x2  
  90  8:58  Orbital Command  
  90  9:02  Marine x2  
  90  9:10  Marine  
  90  9:11  Missile Turret  
  90  9:15  Widow Mine x2  
  95  9:18  SCV x2  
  95  9:20  Marine x2  
  99  9:28  Marine  
  92  9:34  Barracks Reactor x2  
  92  9:37  Marine  
  92  9:38  Marine, Barracks Reactor  
  90  9:46  Marine  
  90  9:49  Armory, Widow Mine x2  
  93  9:54  Supply Depot  
  93  9:55  Marine x2, Bunker  
  93  10:04  Marine  
  94  10:13  Barracks, Marine x3  
  94  10:14  Marine x3  
  102  10:15  Barracks  
  102  10:16  Liberator x2  
  102  10:19  Supply Depot  
  100  10:21  Marine  
  93  10:28  SCV  
  93  10:29  Marine x2, SCV  
  93  10:31  Marine x5  
  102  10:39  Marine  
  102  10:41  SCV x3  
  105  10:45  Widow Mine x2  
  109  10:59  Marine x4  
  109  11:00  Marauder  
  109  11:02  Barracks Tech Lab, Barracks Reactor  
  109  11:03  Marine x2  
  117  11:08  Command Center, Orbital Command  
  111  11:18  Marine x4  
  83  11:19  SCV x2  
  83  11:20  Widow Mine x2  
  83  11:21  Marauder  
  83  11:23  Liberator  
  84  11:33  Marine  
  84  11:34  Marine x2  
  90  11:47  Marine  
  90  11:48  Marine x4, Marauder  
  90  11:53  Marine x2  
  99  11:57  Orbital Command  
  99  11:59  Marine  
  99  12:00  Marine x3  
  102  12:09  Marine x2  
  102  12:14  Marine  
  81  12:17  SCV x2  
  83  12:22  SCV  
  83  12:29  SCV  
  91  12:30  SCV  
Tags
 
Add a new tag
Caveats
  • Supply blocks, unpowered buildings, or Contaminate may cause inaccurate times.
  • Supply counts are checked every 10 seconds.